 Dungeon Sprint DCSS version 0.31-a0-750-gfe7b580527 (webtiles) character file.

Game seed: 8103806753309339480

439 rocky1 the Grappler (level 6, -18/82 HPs)
             Began as a Troll Shapeshifter on Sept 15, 2023.
             Was an Initiate of Gozag.
             Demolished by a two-headed ogre
             ... wielding a +0 giant club
              (32 damage)
             ... in the Dungeon (Sprint IX: "|||||||||||||||||||||||||||||").
             The game lasted 00:00:44 (275 turns).

rocky1 the Grappler (Troll Shapeshifter)             Turns: 275, Time: 00:00:45

Health: -18/82     AC:  4    Str: 25    XL:     6   Next: 70%
Magic:  5/5        EV: 10    Int:  9    God:    Gozag
Gold:   0          SH:  0    Dex: 12    Spells: 5/5 levels left

rFire   . .          .
                       - Unarmed
rCold   . . .        (no shield)
rNeg    . . .        a - +0 animal skin
rPois   .            (helmet currently unavailable)
rElec   .            (cloak currently unavailable)
rCorr   .            (gloves unavailable)
SInv    .            (boots unavailable)
Will    .....        (no amulet) Stlth
                     n - +3 ring of intelligence
HPRegen 1.13/turn    o - +3 ring of dexterity
MPRegen 0.09/turn

%: no teleportation
@: berserking, beast-form, gold aura, very quick
A: beast (slay +4), large, unfitting armour, claws 3, regeneration 1, shaggy fur
1, tough skin 1
a: Begin Untransformation, Renounce Religion, Potion Petition, Call Merchant,
Bribe Branch


You were in the Dungeon.
You worshipped Gozag.
Gozag was noncommittal.
You were a hulking beast.
You visited 1 branch

Inventory:

Armour
 a - a +0 animal skin (worn)
Jewellery
 n - a +3 ring of intelligence (left claw)
 o - a +3 ring of dexterity (right claw)
Talismans
 c - a beast talisman (active)
 d - a flux talisman
Wands
 m - a wand of light (10)
Scrolls
 j - 2 scrolls of blinking
 l - 2 scrolls of amnesia
Potions
 b - a potion of lignification
 e - 5 potions of curing
 f - 2 potions of heal wounds
 g - a potion of haste
 h - 4 potions of magic
 k - a potion of invisibility


   Skills:
 + Level 1.6 Fighting
 + Level 3.3 Dodging
 * Level 11.3 Unarmed Combat
 + Level 8.4 Shapeshifting


You had 5 spell levels left.
You didn't know any spells.
Your spell library was empty.

Dungeon Overview and Level Annotations

Branches:
Dungeon (1/1)

Altars:
Cheibriados
Dithmenos
Elyvilon
Fedhas
Gozag
Hepliaklqana
Kikubaaqudgha
Makhleb
Nemelex Xobeh
Okawaru
Qazlal
Ru
Sif Muna
Trog
Uskayaw
Vehumet
Wu Jian
Xom
Yredelemnul
Zin
The Shining One
Jiyva
Lugonu


Innate Abilities, Weirdness & Mutations

You are a hulking beast.
Your limbs bulge with bestial killing power. (Slay +4)
You are too large for most types of armour.
You have claws for hands.
Your natural rate of healing is unusually fast.
You are covered in fur. (AC +1)
You have tough skin. (AC +1)


Message History

Unknown command.
As you open the door, it creaks loudly!
A yak, a wraith, a komodo dragon, a two-headed ogre and a wight come into view.
The komodo dragon hisses angrily.
Something hits you!
Deactivating autopickup; reactivate with Ctrl-A.
Unknown command.
You claw something! Something hits you but does no damage.
You miss something. You claw something. Something hits you! Something hits you.
Something hits you!
You mangle something!!
Reactivating autopickup.
You feel a bit more experienced.
The komodo dragon is distracted by your dazzling golden aura.
Your Dodging skill increases to level 3!
Your Unarmed Combat skill gained 3 levels and is now at level 11!
Your Shapeshifting skill gained 2 levels and is now at level 8!
You have reached level 6!
You feel stronger.
Unknown command.
Okay, then.
You feel much better.
Okay, then.
Okay, then.
A red film seems to cover your vision as you go berserk!
You feel yourself moving faster!
You feel mighty! The two-headed ogre misses you.
The two-headed ogre hits you with a +0 giant spiked club!!
You completely miss the two-headed ogre.
The komodo dragon hisses angrily.
You claw the two-headed ogre!!
The two-headed ogre is heavily wounded.
You mangle the two-headed ogre!!
The two-headed ogre is almost dead.
The komodo dragon is no longer distracted by gold.
The two-headed ogre hits you with a +0 giant club!!
* * * LOW HITPOINT WARNING * * *
The two-headed ogre hits you with a +0 giant spiked club!!
You die...
Your body crumbles into a pile of gold.

▓.▓
▓Y▓
▓W▓
▓.▓
▓l▓
▓z▓
▓O▓
▓h▓
▓.▓
▓[▓
▓[▓
▓[▓
▓.▓
▓)▓
▓.▓
▓.▓


You could see a two-headed ogre, a komodo dragon, a yak, a wraith and a wight.

Vanquished Creatures
  An unseen horror (D)
  A phantom (D)
  A scorpion (D)
  An iguana (D)
  2 orcs (D)
  2 hobgoblins (D)
  A quokka (D)
  A ball python (D)
  A kobold (D)
11 creatures vanquished.

Notes
Turn   | Place    | Note
-------+----------+-------------------------------------------
     0 | D        | rocky1 the Troll Shapeshifter began the quest for the Orb.
     0 | D        | Reached XP level 1. HP: 18/18 MP: 0/0
   121 | D        | Noticed an iguana
   121 | D        | Noticed a scorpion
   121 | D        | Noticed a phantom
   125 | D        | Reached XP level 2. HP: 26/26 MP: 1/1
   128 | D        | Killed a phantom
   129 | D        | Reached skill level 1 in Fighting
   129 | D        | Reached skill level 6 in Unarmed Combat
   129 | D        | Reached skill level 5 in Shapeshifting
   129 | D        | Reached XP level 3. HP: 33/33 MP: 2/2
   129 | D        | Reached XP level 4. HP: 41/41 MP: 3/3
   129 | D        | Killed a scorpion
   130 | D        | Reached skill level 8 in Unarmed Combat
   130 | D        | Reached XP level 5. HP: 48/48 MP: 4/4
   223 | D        | Found a snail-covered altar of Cheibriados.
   223 | D        | Found a shadowy altar of Dithmenos.
   223 | D        | Found a white marble altar of Elyvilon.
   223 | D        | Found a blossoming altar of Fedhas.
   223 | D        | Found an opulent altar of Gozag.
   224 | D        | Found a hazy altar of Hepliaklqana.
   225 | D        | Found a viscous altar of Jiyva.
   226 | D        | Found an ancient bone altar of Kikubaaqudgha.
   227 | D        | Found a corrupted altar of Lugonu.
   228 | D        | Found a burning altar of Makhleb.
   229 | D        | Found a sparkling altar of Nemelex Xobeh.
   230 | D        | Found an iron altar of Okawaru.
   231 | D        | Became a worshipper of Gozag Ym Sagoz the Greedy
   232 | D        | Found a stormy altar of Qazlal.
   233 | D        | Found a sacrificial altar of Ru.
   234 | D        | Found a shimmering blue altar of Sif Muna.
   235 | D        | Found a bloodstained altar of Trog.
   236 | D        | Found a hide-covered altar of Uskayaw.
   237 | D        | Found a radiant altar of Vehumet.
   238 | D        | Found an ornate altar of the Wu Jian Council.
   239 | D        | Found a shimmering altar of Xom.
   240 | D        | Found a basalt altar of Yredelemnul.
   241 | D        | Found a glowing silver altar of Zin.
   242 | D        | Found a glowing golden altar of the Shining One.
   268 | D        | Noticed a yak
   268 | D        | Noticed a wraith
   268 | D        | Noticed a komodo dragon
   268 | D        | Noticed a two-headed ogre
   271 | D        | Killed an unseen horror
   272 | D        | Reached skill level 11 in Unarmed Combat
   272 | D        | Reached XP level 6. HP: 20/55 MP: 5/5
   275 | D        | Demolished by a two-headed ogre

Illustrated notes

Levels and vault maps discovered:
D:        linesprint [early_d, line_temple, items_1, d_10, items_2, lair_1,
          lair_end, items_3, orc_1, orc_end, items_4, d_15, swamp_1, shoals_1,
          snake_1, spider_1, d_20, vaults_1, items_5, swamp_end, shoals_end,
          snake_end, spider_end, vaults_end, d_27, items_6, zot_1, zot_end,
          crypt_end, forest_end, elf_end, slime_end, tomb_end, abyss_end,
          pan_hell_end]

Skill      XL: |  1  2  3  4  5 |
---------------+----------------+-----
Shapeshifting  | 4 5 6 8 |  8.4
Fighting       | 1 |  1.6
Dodging        | 2 3 |  3.3
Unarmed Combat | 6 8 11 | 11.3

Action                     |  1- 3 |  4- 6 || total
---------------------------+-------+-------++-------
  Melee: Unarmed           |    14 |     9 ||    23
         Punch             |       |     3 ||     3
    Use: Potion            |       |     2 ||     2
 Armour: Animal skin       |     2 |     9 ||    11
  Dodge: Dodged            |     5 |     1 ||     6

Table legend: (Time is in decaauts)
 A = Elapsed time spent in this place.
 B = Non-inter-level travel time spent in this place.
 C = Inter-level travel time spent in this place.
 D = Time resting spent in this place.
 E = Time spent auto-exploring this place.
 F = Levels seen in this place.
 G = Mean time per level.
                   A        B        C        D        E       F      G
               +--------+--------+--------+--------+--------+-----+--------+
         Total |    271 |    271 |      0 |    185 |      0 |   1 |  271.0 |
       Dungeon |    271 |    271 |      0 |    185 |      0 |   1 |  271.0 |
               +--------+--------+--------+--------+--------+-----+--------+

Top non-repeatable levels by time:
       D: 271 daAuts
